 Dungeon Crawl Stone Soup version 0.16.0-16-g311141a (webtiles) character file.

79 Nefaurd the Magician (level 4, -3/21 HPs)
             Began as a Vine Stalker Wizard on Mar 19, 2015.
             Killed by divine providence
             ... invoked by an orc priest
              (11 damage)
             ... on level 3 of the Dungeon.
             The game lasted 00:16:46 (2114 turns).

Nefaurd the Magician (Vine Stalker Wizard)          Turns: 2114, Time: 00:16:49

Health: -3/21      AC:  7    Str:  9    XL:     4   Next: 38%
Magic:  0/11       EV: 12    Int: 19    God:
Gold:   155        SH:  0    Dex: 13    Spells: 2 memorised, 6 levels left

rFire  . . .     SeeInvis .     (no weapon)
rCold  . . .     Clarity  .     a - +0 robe
rNeg   . . .     SustAb   .     (no shield)
rPois  .         Gourm    .     h - +2 helmet
rElec  .         Spirit   +     n - +0 cloak
rCorr  .         Warding  .     o - +0 pair of gloves
rMut   .         Stasis   .     (no boots)
MR     .....                    (no amulet)
Stlth  ++........               (no ring)
                                (no ring)

@: lethally poisoned (-3 -> -3), not resistant to hostile enchantments,
unstealthy
A: fangs 2, regeneration 1, magic shield, antimagic bite, no device heal 3, rot
immunity
a: no special abilities


You were on level 3 of the Dungeon.
You were not hungry.

You visited 1 branch of the dungeon, and saw 3 of its levels.

You collected 155 gold pieces.

Inventory:

Armour
 a - a +0 robe (worn)
 b - a +0 hat
 h - a +2 helmet (worn)
 n - a +0 cloak (worn)
 o - a +0 pair of gloves (worn)
Scrolls
 f - a scroll of noise {unknown}
 g - a scroll of remove curse {unknown}
 j - a scroll of teleportation {unknown}
 k - a scroll of amnesia {unknown}
 l - 3 scrolls of identify {unknown}
 m - a scroll of fog {unknown}
 q - 3 scrolls of enchant weapon {unknown}
 s - a scroll of random uselessness {unknown}
Potions
 e - 2 potions of magic {unknown}
 i - a potion of haste {unknown}
 p - a potion of agility {unknown}
Books
 c - a book of Minor Magic

   Spells                             Type                      Level
   a - Magic Dart                     Conjuration                  1
   b - Blink                          Translocation                2
   c - Call Imp                       Summoning                    2
   d - Repel Missiles                 Charms/Air                   2
   e - Slow                           Hexes                        2
   f - Conjure Flame                  Conjuration/Fire             3
   g - Mephitic Cloud                 Conjuration/Poison/Air       3
Comestibles
 d - a bread ration
 r - a slice of pizza


   Skills:
 - Level 1.5 Dodging
 - Level 2.5 Stealth
 - Level 3.8 Spellcasting
 + Level 3.5 Conjurations
   Level 1.0 Summonings
   Level 1.0 Translocations


You had 6 spell levels left.
You knew the following spells:

 Your Spells              Type           Power        Failure   Level  Hunger
a - Magic Dart            Conj           ###.         4%          1    None
b - Mephitic Cloud        Conj/Pois/Air  #.......     28%         3    ###....


Dungeon Overview and Level Annotations

Branches:
Dungeon (3/15)

Altars:
Kikubaaqudgha


Innate Abilities, Weirdness & Mutations

You have extremely sharp teeth.
Your natural rate of healing is unusually fast.
When hurt, damage is shared between your health and your magic reserves.
Your bite disrupts and absorbs the magic of your enemies.
Potions and wands cannot restore your health.
You are immune to rotting.


Message History

The orc hits you but does no damage. The adder closely misses you.
You hit the adder.
You kill the adder!
The orc barely misses you.
You barely miss the orc.
The orc is heavily wounded.
You feel sick. The orc closely misses you.
You hit the orc.
The orc is almost dead.
The orc priest seems less confused.
The orc hits you.
You barely miss the orc. You bite the orc, but do no damage.
The orc is almost dead.
The orc hits you but does no damage.
You hit the orc but do no damage.
The orc is almost dead.
The orc hits you.
The orc priest mumbles some strange prayers to Beogh against you.
Something smites you!
Ouch! That really hurt!
You die...

?... # ..... #.
#..... o## #....
§.# #.... §.#
#.... #.### .#
##..>###...#.###
#..............!.
#....@o.<...####
#.#..o......# #
#...<.....#
#......(.>#
#..=........
#............
#.........##
#####.##### #..


You could see an orc priest and an orc.

Vanquished Creatures
  3 adders
  A giant gecko (D:1)
  3 bats (D:1)
  4 bat zombies (D:2)
  2 giant cockroaches (D:2)
  10 goblins
  8 hobgoblins
  4 giant newts
  5 jackals (D:1)
  7 kobolds
  A quokka (D:3)
  5 rats
  3 rat zombies (D:2)
56 creatures vanquished.

Notes
Turn   | Place    | Note
--------------------------------------------------------------
     0 | D:1      | Nefaurd, the Vine Stalker Wizard, began the quest for the Orb.
     0 | D:1      | Reached XP level 1. HP: 9/9 MP: 4/4
   104 | D:1      | Reached XP level 2. HP: 7/13 MP: 0/7
   781 | D:1      | Reached XP level 3. HP: 16/16 MP: 5/9
   840 | D:1      | Learned a level 3 spell: Mephitic Cloud
  1465 | D:2      | Reached XP level 4. HP: 7/21 MP: 0/11
  1956 | D:2      | Found an ancient bone altar of Kikubaaqudgha.
  2114 | D:3      | Killed from afar by an orc priest

Action                   |  1- 3 |  4- 6 || total
-------------------------+-------+-------++-------
Melee: Unarmed           |    39 |    16 ||    55
 Cast: Magic Dart        |    73 |    40 ||   113
       Mephitic Cloud    |     2 |     2 ||     4
  Eat: Beef jerky        |     1 |       ||     1
       Bread ration      |       |     1 ||     1
